 Dungeon Crawl Stone Soup version 0.29.1-1-gd02db69 (webtiles) character file.

Game seed: 13599340097234307312

64994 samcosmo the Bewitcher (level 14, -11/74 HPs)
             Began as a Spriggan Enchanter on Apr 30, 2023.
             Was the Champion of Dithmenos.
             Mangled by a water elemental (12 damage)
             ... led by a merfolk aquamancer
             ... on level 1 of the Shoals on May 1, 2023.
             The game lasted 01:20:25 (27184 turns).

samcosmo the Bewitcher (Spriggan Enchanter)        Turns: 27184, Time: 01:20:26

Health: -11/74     AC:  8    Str:  4    XL:     14   Next: 73%
Magic:  30/30      EV: 32    Int: 17    God:    Dithmenos [******]
Gold:   2030       SH:  0    Dex: 26    Spells: 8/36 levels left

rFire   . . .      SeeInvis +   l - +1 dagger (venom)
rCold   + . .      Faith    .   H - +3 buckler {AC+3}
rNeg    . . .      Spirit   .   N - +0 robe of the Elven Halls {rC+ Will+ rCorr}
rPois   .          Reflect  +   (helmet restricted)
rElec   .          Harm     .   m - +2 cloak
rCorr   +          Rampage  .   (gloves unavailable)
Will    ++++.                   (boots unavailable)
Stlth   ++++......              h - amulet of reflection
HPRegen 0.22/turn               W - ring of willpower
MPRegen 0.22/turn               T - +6 ring of dexterity

@: confused, ambrosia-drunk, engulfed (cannot breathe), wreathed by umbra, very
quick
A: very small, no large weapons, unfitting armour, see invisible, speed 3
a: Renounce Religion, Shadow Step, Shadow Form


You were on level 1 of the Shoals.
You worshipped Dithmenos.
Dithmenos was exalted by your worship.
You visited 5 branches of the dungeon, and saw 23 of its levels.

You collected 2030 gold pieces.

Inventory:

Hand Weapons
 a - a +1 dagger of freezing
 l - a +1 dagger of venom (weapon)
 y - the +3 Elemental Staff {rElec rF++ rC++ AC+5}
   (You took it off a deep elf pyromancer on level 8 of the Dungeon)

   If the wielder is skilled in Evocations, they can discharge powerful blasts
   of elemental energy when striking with it.
   It enhances your fire, ice, earth and air magic.
   AC:        It affects your AC (+5).
   rF:        It greatly protects you from fire.
   rC:        It greatly protects you from cold.
   rElec:     It insulates you from electricity.
 C - a +2 dagger of distortion
 J - the +8 scimitar "Foolon" {flame, rF+}
   (You found it on level 13 of the Dungeon)

   It burns those it strikes, dealing additional fire damage.
   Big, fiery blades are also staple armaments of hydra-hunters.
   rF:        It protects you from fire.
 U - a +0 rapier
Missiles
 s - 2 throwing nets (quivered)
Armour
 b - a +0 robe
 m - a +2 cloak (worn)
 u - a +2 robe of willpower
 D - a +2 robe of cold resistance
 H - a +3 buckler of protection (worn)
 N - the +0 robe of the Elven Halls (worn) {rC+ Will+ rCorr}
   (You found it on level 3 of the Lair of Beasts)

   rC:        It protects you from cold.
   rCorr:     It protects you from acid and corrosion.
   Will:      It increases your willpower.
Jewellery
 g - a +4 ring of evasion
 h - an amulet of reflection (around neck)
 o - a +6 ring of strength
 t - an amulet of the acrobat
 I - a ring of positive energy
 O - a ring of protection from cold
 R - a ring of ice
 T - a +6 ring of dexterity (right hand)
 V - a ring of fire
 W - a ring of willpower (left hand)
 Y - a +4 ring of protection
Wands
 c - a wand of charming (9)
 w - a wand of roots (19)
 x - a wand of flame (51)
 B - a wand of mindburst (10)
 L - a wand of digging (10)
 X - a wand of light (3)
Scrolls
 k - 5 scrolls of teleportation
 p - 4 scrolls of amnesia
 q - 3 scrolls of blinking
 F - a scroll of magic mapping
 G - a scroll of silence
 K - a scroll of fog
 M - 3 scrolls of fear
Potions
 d - 9 potions of curing
 e - 5 potions of brilliance
 f - 2 potions of attraction
 i - a potion of mutation
 j - 2 potions of degeneration
 n - 2 potions of lignification
 r - a potion of resistance {unknown}
 v - 2 potions of magic
 z - 3 potions of haste
 A - 2 potions of heal wounds {unknown}
 E - 3 potions of might
 P - a potion of ambrosia
 Q - a potion of berserk rage {unknown}
 S - a potion of cancellation {unknown}


   Skills:
 + Level 8.8 Fighting
 - Level 10.0 Short Blades
 + Level 13.7 Dodging
 + Level 16.3 Stealth
 + Level 11.9 Spellcasting
 * Level 17.6 Hexes


You had 8 spell levels left.
You knew the following spells:

 Your Spells              Type           Power      Damage    Failure   Level
a - Ensorcelled Hibernat  Hex/Ice        80%        N/A       1%          2
b - Confusing Touch       Hex            63%        N/A       1%          3
c - Tukima's Dance        Hex            63%        N/A       1%          3
d - Dazzling Flash        Conj/Hex       80%        N/A       1%          3
e - Cause Fear            Hex            31%        N/A       1%          4
f - Discord               Hex            31%        N/A       58%         8
g - Silence               Hex/Air        20%        N/A       12%         5

Your spell library contained the following spells:

 Spells                   Type           Power      Damage    Failure   Level
 Inner Flame              Hex/Fire       40%        N/A       1%          3
 Summon Guardian Golem    Hex/Summ       40%        N/A       1%          3
 Fulminant Prism          Conj/Hex       20%        3d13      4%          4
 Apportation              Tloc           20%        N/A       16%         1
 Magic Dart               Conj           40%        1d5       16%         1
 Necrotise                Necr           40%        1d6       16%         1
 Sandblast                Erth           20%        2d7       16%         1
 Summon Small Mammal      Summ           40%        N/A       16%         1
 Blink                    Tloc           20%        N/A       24%         2
 Call Imp                 Summ           10%        N/A       24%         2
 Passwall                 Tmut/Erth      8%         N/A       24%         2
 Poisonous Vapours        Pois/Air       20%        N/A       24%         2
 Frozen Ramparts          Ice            20%        1d4       43%         3
 Gell's Gravitas          Tloc           10%        N/A       43%         3
 Lesser Beckoning         Tloc           10%        N/A       43%         3
 Mephitic Cloud           Conj/Pois/Air  10%        N/A       43%         3
 Stone Arrow              Conj/Erth      20%        3d8       43%         3
 Teleport Other           Tloc           10%        N/A       43%         3
 Vampiric Draining        Necr           10%        2d6       43%         3
 Corpse Rot               Necr/Pois/Air  10%        N/A       83%         4
 Dispel Undead            Necr           10%        3d9       83%         4
 Ice Form                 Ice/Tmut       10%        N/A       83%         4
 Iskenderun's Mystic Bla  Conj/Tloc      10%        2d4       83%         4
 Summon Ice Beast         Ice/Summ       10%        N/A       83%         4
 Agony                    Necr           10%        N/A       99%         5
 Freezing Cloud           Conj/Ice/Air   5%         6-21      99%         5
 Lee's Rapid Deconstruct  Erth           5%         3d7*      99%         5
 Manifold Assault         Tloc           10%        N/A       99%         5
 Death Channel            Necr           5%         N/A       100%        6
 Dispersal                Tloc           5%         N/A       100%        6
 Simulacrum               Ice/Necr       5%         N/A       100%        6
 Orb of Destruction       Conj           5%         9d5       100%        7
 Spellforged Servitor     Conj/Summ      5%         N/A       100%        7
 Polar Vortex             Ice            5%         N/A       100%        9


Dungeon Overview and Level Annotations

Branches:
Dungeon (15/15)            Temple (1/1) D:5            Lair (4/5) D:11
 Shoals (1/4) Lair:2       Spider (0/4) Lair:3        Slime (0/5) Lair:4
    Orc (2/2) D:9          Vaults (0/5) D:14
    Elf: Orc:2       Depths: D:15

Altars:
Ashenzari
Cheibriados
Dithmenos
Elyvilon
Fedhas
Gozag
Hepliaklqana
Kikubaaqudgha
Makhleb
Nemelex Xobeh
Okawaru
Qazlal
Ru
Sif Muna
Trog
Uskayaw
Vehumet
Wu Jian
Xom
Yredelemnul
Zin
The Shining One
Jiyva

Shops:
D:6 :

Annotations:
D:14 exclusion: 7 doors
Lair:4 Kirke, Nessos
Shoals:1 2 transporters, Jethros's ghost, adept GrEE


Innate Abilities, Weirdness & Mutations

You are very small and have problems with some larger weapons.
You are too small for most types of armour.
You have supernaturally acute eyesight. (SInv)
You cover ground extremely quickly. (Speed+++)


Message History

The water elemental completely misses you.
The water elemental closely misses you.
You hit the water elemental.
The water elemental is almost destroyed.
Your lungs strain for air!
You block the water elemental's attack.
You hit the water elemental.
You destroy the water elemental!
Dithmenos accepts your kill.
Your lungs strain for air!
You block the water elemental's attack.
You cannot cast spells while unable to breathe!
You hit the water elemental.
The water elemental is lightly damaged.
Your lungs strain for air!
The water elemental closely misses you.
The water elemental completely misses you.
You hit the water elemental.
The water elemental is lightly damaged.
Your lungs strain for air!
The water elemental completely misses you.
You hit the water elemental.
The water elemental is lightly damaged.
Your shadow hits the water elemental with a dagger.
Your lungs strain for air!
You block the water elemental's attack.
You hit the water elemental but do no damage.
The water elemental is moderately damaged.
Your shadow hits the water elemental but does no damage.
* * * LOW HITPOINT WARNING * * *
Your lungs strain for air!
The water elemental completely misses you.
The water elemental hits you!
* * * LOW HITPOINT WARNING * * *
You are confused.
You feel invigorated.
* * * LOW HITPOINT WARNING * * *
Your lungs strain for air!
The water elemental hits you!
You die...

≈~~~~~~~..†.~~~~~~~≈≈≈≈~)~....#
~~~~~~........~~~≈≈≈≈≈≈~~~..###
~~P~.....###....~≈≈≈≈≈≈~~~..###
~P~.~~...###....~≈≈≈≈≈≈~~~~.##.
~~~~~~.....~~...~~≈≈≈≈~~~~~~...
~~~~~~............≈≈≈≈~~~~~~†.#
~~PP~.##..........≈≈≈≈~~~~~~...
PP~~..##..............~~.~~~~..
P~~~~........E@..###...##.~~~~~
.......?..E#### #######..~~~
##........## #..~~~ .........##
#.~~~~ ~~....~... #~~~~~
~~~...~~~.. #~~~~~ ~~~....~~~~~
...~~≈~ ~~~~..~~~~~~~ ....~~≈
~~~~~~~~~~~~~~ ....~≈


You could see 2 water elementals.

Vanquished Creatures
  Fannar (Lair:3)
  4 hydras
  A vault guard (D:14)
  5 boulder beetles
  Erolcha (D:10)
  A merfolk aquamancer (Shoals:1)
  7 centaur warriors
  A catoblepas (Lair:4)
  A death knight (D:14)
  3 tengu warriors
  4 two-headed ogres
  2 sea snakes (Shoals:1)
  2 wizards (D:14)
  A deep troll (D:14)
  3 deep elf pyromancers
  6 ugly things
  7 cyclopes
  5 manticores
  12 elephants
  A guardian serpent (shapeshifter) (D:14)
  4 black mambas
  3 gargoyles (D:8)
  A water nymph (Shoals:1)
  3 cane toads
  A cane toad (shapeshifter) (D:14)
  3 unseen horrors
  A kobold demonologist (D:12)
  5 komodo dragons
  2 rime drakes
  Psyche (D:10)
  An ice devil (D:8)
  4 yaktaurs (D:12)
  2 freezing wraiths (D:14)
  A wind drake (Shoals:1)
  4 trolls
  4 merfolk (Shoals:1)
  A hornet (Lair:1)
  A polar bear (Lair:3)
  10 slime creatures
  5 blink frogs
  2 wolf spider simulacra (D:14)
  32 yaks
  3 shadows
  A centaur simulacrum (D:14)
  A water elemental (Shoals:1)
  4 wraiths
  4 wyverns
  3 basilisks
  2 fire elementals (D:8)
  A golden eye (shapeshifter) (D:12)
  7 vampire mosquitoes
  A naga (shapeshifter) (D:14)
  14 water moccasins
  2 acid dragons
  6 black bears
  13 orc warriors
  4 centaurs
  8 wolves
  11 ogres
  4 kobold brigands
  A necrophage (D:6)
  8 gnoll sergeants
  14 bullfrogs
  15 wights
  8 scorpions
  9 killer bees
  A howler monkey (D:10)
  An electric eel (Lair:2)
  A lava snake (Lair:2)
  5 hounds
  3 jellies
  15 orc priests
  An iguana (D:6)
  14 orc wizards
  30 gnolls
  5 adders
  A shadow imp (D:8)
  4 white imps
  3 worms
  3 dart slugs
  38 orcs
  7 endoplasms
  3 giant cockroaches
  6 hobgoblins
  4 jackals (D:5)
  4 quokkas
  2 ball pythons
  5 bats
  3 frilled lizards
  2 goblins (D:4)
  22 kobolds
  2 rats (D:1)
488 creatures vanquished.

Vanquished Creatures (others)
  A dancing weapon (D:9)
  A fire vortex (Lair:2)
  51 fungi
  40 plants
93 creatures vanquished.

Grand Total: 581 creatures vanquished

Notes
Turn   | Place    | Note
-------+----------+-------------------------------------------
     0 | D:1      | samcosmo the Spriggan Enchanter began the quest for the
                  | Orb.
     0 | D:1      | Reached XP level 1. HP: 9/9 MP: 5/5
   320 | D:1      | Reached XP level 2. HP: 13/13 MP: 6/6
   348 | D:1      | Learned a level 2 spell: Ensorcelled Hibernation
   763 | D:1      | Reached skill level 4 in Hexes
   957 | D:1      | You fall into a shaft and drop 1 floor!
  1978 | D:2      | Found a faded altar of an unknown god.
  2031 | D:2      | Reached XP level 3. HP: 8/17 MP: 8/8
  2579 | D:3      | Found an iron altar of Okawaru.
  3768 | D:3      | Learned a level 3 spell: Confusing Touch
  3828 | D:3      | Noticed an ogre
  3918 | D:3      | Killed an ogre
  3919 | D:3      | Reached skill level 1 in Fighting
  3919 | D:3      | Reached skill level 5 in Stealth
  3919 | D:3      | Reached skill level 5 in Hexes
  3919 | D:3      | Reached XP level 4. HP: 17/22 MP: 0/9
  3919 | D:3      | Reached XP level 5. HP: 19/25 MP: 0/10
  4020 | D:3      | Learned a level 3 spell: Tukima's Dance
  4037 | D:3      | Found the +11 plutonium sword {Contam Stlth-}
  4080 | D:3      | Found a shadowy altar of Dithmenos.
  4088 | D:3      | Became a worshipper of Dithmenos the Shadowed
  4786 | D:4      | Reached XP level 6. HP: 24/30 MP: 8/11
  4926 | D:4      | Reached skill level 6 in Hexes
  5186 | D:5      | Entered Level 5 of the Dungeon
  5452 | D:5      | Reached XP level 7. HP: 35/35 MP: 12/12
  5480 | D:5      | Reached skill level 5 in Dodging
  5606 | D:5      | Reached skill level 7 in Hexes
  5837 | D:5      | Reached * piety under Dithmenos
  5858 | D:5      | Learned a level 3 spell: Dazzling Flash
  5892 | D:5      | Reached XP level 8. HP: 39/39 MP: 13/13
  5896 | D:5      | Found a staircase to the Ecumenical Temple.
  5989 | Temple   | Entered the Ecumenical Temple
  6367 | D:6      | Reached skill level 8 in Hexes
  6742 | D:6      | Found Wociqeu's Tremendous Tomes.
  7094 | D:6      | Found a snail-covered altar of Cheibriados.
  7448 | D:6      | Learned a level 4 spell: Cause Fear
  7585 | D:7      | Reached skill level 5 in Short Blades
  7585 | D:7      | Reached XP level 9. HP: 44/44 MP: 7/16
  7703 | D:7      | Reached skill level 9 in Hexes
  7918 | D:7      | Reached ** piety under Dithmenos
  8314 | D:7      | Noticed a two-headed ogre
  8321 | D:7      | Killed a two-headed ogre
  8322 | D:7      | Reached skill level 5 in Spellcasting
  8322 | D:7      | Reached skill level 10 in Hexes
  8523 | D:7      | Found a glowing silver altar of Zin.
  8524 | D:7      | Found a broken altar of Ashenzari.
  8525 | D:7      | Found a glowing golden altar of the Shining One.
  9050 | D:8      | Reached XP level 10. HP: 46/51 MP: 13/19
  9143 | D:8      | Noticed a white ugly thing
  9165 | D:8      | Killed a white ugly thing
  9166 | D:8      | Reached skill level 10 in Stealth
 10143 | D:8      | Noticed a white ugly thing
 10146 | D:8      | Killed a white ugly thing
 10147 | D:8      | Reached skill level 11 in Hexes
 10281 | D:8      | Noticed a deep elf pyromancer
 10284 | D:8      | Killed a deep elf pyromancer
 10285 | D:8      | Reached skill level 5 in Fighting
 10293 | D:8      | Noticed a gargoyle
 10295 | D:8      | Noticed a gargoyle
 10467 | D:8      | Killed a gargoyle
 10497 | D:8      | Killed a gargoyle
 10669 | D:8      | Noticed a gargoyle
 10838 | D:8      | HP: 2/51 [fire elemental (11)]
 11263 | D:8      | Killed a gargoyle
 11263 | D:8      | Reached *** piety under Dithmenos
 11472 | D:8      | Reached XP level 11. HP: 25/56 MP: 17/22
 11879 | D:9      | Noticed a two-headed ogre
 11890 | D:9      | Killed a two-headed ogre
 11891 | D:9      | Reached skill level 12 in Hexes
 12160 | D:9      | Found a staircase to the Orcish Mines.
 13405 | D:9      | Learned a level 8 spell: Discord
 13435 | D:10     | Entered Level 10 of the Dungeon
 13438 | D:10     | Found a hide-covered altar of Uskayaw.
 13496 | D:10     | Noticed Erolcha
 13499 | D:10     | Killed Erolcha
 13538 | D:10     | Found a shimmering blue altar of Sif Muna.
 13539 | D:10     | Found a sparkling altar of Nemelex Xobeh.
 13540 | D:10     | Found a white marble altar of Elyvilon.
 13744 | D:10     | Noticed a two-headed ogre
 13759 | D:10     | Killed a two-headed ogre
 13950 | D:10     | Reached **** piety under Dithmenos
 14149 | D:10     | Reached skill level 10 in Dodging
 14149 | D:10     | Reached skill level 13 in Hexes
 14180 | D:10     | Noticed Psyche
 14185 | D:10     | Killed Psyche
 15127 | D:11     | Reached XP level 12. HP: 60/61 MP: 16/25
 15196 | D:11     | Found a staircase to the Lair.
 15313 | D:11     | Noticed a two-headed ogre
 15322 | D:11     | Killed a two-headed ogre
 15990 | D:11     | Identified the +8 sling of Noon {speed, Str+2}
 16360 | D:12     | Noticed an eight-headed hydra
 16375 | D:12     | Killed an eight-headed hydra
 16563 | D:12     | Noticed a boulder beetle
 16589 | D:12     | Killed a boulder beetle
 16688 | D:12     | Noticed a boulder beetle
 16705 | D:12     | Killed a boulder beetle
 16706 | D:12     | Reached skill level 14 in Hexes
 17261 | D:13     | Identified a scroll of acquirement
 17261 | D:13     | Acquired 458 gold pieces
 17299 | D:13     | Noticed a tengu warrior
 17299 | D:13     | Noticed a tengu warrior
 17455 | D:12     | Killed a tengu warrior
 17561 | D:13     | Identified the +8 scimitar "Foolon" {flame, rF+}
 17643 | D:13     | Killed a tengu warrior
 17729 | D:13     | Reached ***** piety under Dithmenos
 18457 | D:13     | Reached XP level 13. HP: 45/67 MP: 27/27
 18918 | Lair:1   | Entered Level 1 of the Lair of Beasts
 18940 | Lair:1   | You fall into a shaft and drop 1 floor!
 18940 | Lair:2   | Found a staircase to the Shoals.
 19199 | Lair:1   | Reached skill level 15 in Hexes
 20312 | Lair:1   | Reached skill level 10 in Spellcasting
 21355 | Lair:2   | Reached skill level 10 in Short Blades
 21968 | Lair:3   | Identified the +0 robe of the Elven Halls {rC+ Will+ rCorr}
 22321 | Lair:3   | Found a hole to the Spider Nest.
 22564 | Lair:3   | Reached skill level 15 in Stealth
 22571 | Lair:3   | Reached skill level 16 in Hexes
 22889 | Lair:3   | Noticed Fannar
 22989 | Lair:3   | Killed Fannar
 23224 | Lair:4   | Noticed Nessos
 23302 | Lair:4   | Noticed Kirke
 23645 | Lair:4   | Found a viscous altar of Jiyva.
 23645 | Lair:4   | Found a staircase to the Slime Pits.
 23873 | Lair:4   | Reached XP level 14. HP: 27/73 MP: 25/30
 25309 | D:14     | Found a gate to the Vaults.
 25320 | D:14     | Reached skill level 17 in Hexes
 25351 | D:14     | Identified the +0 hand axe "Tuyveahu" {venom, Str+2}
 25430 | D:14     | Reached ****** piety under Dithmenos
 25759 | D:15     | Entered Level 15 of the Dungeon
 25885 | Orc:1    | Entered Level 1 of the Orcish Mines
 25981 | D:9      | Learned a level 5 spell: Silence
 26504 | Orc:2    | Entered Level 2 of the Orcish Mines
 26834 | Shoals:1 | Entered Level 1 of the Shoals
 26834 | Shoals:1 | Found a transporter.
 26834 | Shoals:1 | Found a transporter.
 26845 | Shoals:1 | Noticed Jethros's ghost (adept GrEE)
 26847 | Shoals:1 | Found a bloodstained altar of Trog.
 27184 | Shoals:1 | HP: 1/74 [drowned by a water elemental[a merfolk
                  | aquamancer] (9)]
 27184 | Shoals:1 | Mangled by a water elemental

Illustrated notes

Levels and vault maps discovered:
D:1:      nzn_arrival_water_spiral, layout_rooms, minivault_4,
          nrook_mini_backslash
D:2:      layout_basic, ebering_ecumenical_altar_box
D:3:      layout_rooms, lemuel_coloured_pillars_altar, general_overflow_altar
D:4:      layout_rooms
D:5:      layout_rooms, minmay_temple_entry_large_hall
D:6:      layout_loops_corners, cheibriados_altar_1,
          nicolae_shop_i_like_big_books
D:7:      layout_basic, minitemple
D:8:      layout_cave_pods, dilly_guarded_unrand_elemental_staff
D:9:      layout_roguey, kennysheep_orc_monster_closet_entryway
D:10:     layout_loops_corners, chequers_temple_overflow_statue_of_worship,
          serial_glass, glass_columns_a, glass_columns_a, uniq_erolcha,
          uniq_psyche
D:11:     layout_basic, due_lair_maze_entry_diamond
D:12:     layout_basic
D:13:     layout_basic, serial_rivers, chequers_serial_rivers_large_a,
          chequers_serial_rivers_micro_e, chequers_serial_rivers_room_a,
          chequers_serial_rivers_marsh, chequers_serial_rivers_micro_e,
          chequers_serial_rivers_marsh
D:14:     minmay_the_grid_octo_triangle [minmay_the_grid_octo_focus,
          minmay_the_grid_octo_prize_single_spiral,
          minmay_the_grid_octo_tetromino_candy], layout_cave_pools,
          david_vaults_5, minivault_4
D:15:     gammafunk_enter_depths_forms, layout_basic,
          nicolae_wu_jian_immortal_techniques
Temple:   nicolae_temple_slightly_damp_pantheon
Lair:1:   statuecave_lemuel, layout_cellular_growth, grunt_megastairs_4,
          infiniplex_staircase_pool_2
Lair:2:   layout_gridlike, elwin_shoals_entry_rocks, grunt_megastairs_5
Lair:3:   layout_loops_ring, nicolae_spider_entry_non_spiders,
          grunt_megastairs_1, uniq_fannar
Lair:4:   layout_regular_city, dpeg_slime_entry_enclosed, uniq_nessos,
          uniq_kirke
Shoals:1: layout_shoals, gammafunk_ghost_wrathful_warriors
Orc:1:    layout_caves, nicolae_orc_pool_cavern
Orc:2:    pf_orc_diabolical, layout_caves

Skill      XL: |  1  2  3  4  5  6  7  8  9 10 11 12 13 14 |
---------------+-------------------------------------------+-----
Hexes          | 4 5 6 7 8 10 11 13 14 16 17 | 17.6
Dodging        | 3 4 5 6 7 9 10 11 12 13 | 13.7
Spellcasting   | 3 4 5 7 8 9 11 | 11.9
Fighting       | 1 2 3 4 5 6 7 8 |  8.8
Short Blades   | 2 3 5 6 7 8 9 10 | 10.0
Stealth        | 5 6 7 8 9 11 12 13 15 16 | 16.3

Action                   |  1- 3 |  4- 6 |  7- 9 | 10-12 | 13-15 || total
-------------------------+-------+-------+-------+-------+-------++-------
Melee: Dagger            |   183 |    89 |   336 |   818 |   814 ||  2240
       Punch             |       |       |     9 |    15 |     3 ||    27
       Staff             |       |       |       |       |    67 ||    67
 Cast: Ensorcelled Hiber |    11 |    16 |    20 |       |       ||    47
       Cause Fear        |       |       |     8 |    17 |    15 ||    40
       Confusing Touch   |       |       |    10 |    75 |    76 ||   161
       Tukima's Dance    |       |       |       |     1 |     3 ||     4
  Use: Scroll            |     6 |     5 |     1 |     8 |     7 ||    27
       Potion            |       |       |     1 |     2 |     2 ||     5
 Stab: Sleeping          |    10 |     7 |    29 |    28 |    58 ||   132
       Distracted        |       |     1 |       |     3 |     9 ||    13
       Confused          |       |       |     9 |    76 |    82 ||   167
       Invisible         |       |       |       |     2 |       ||     2
       Fleeing           |       |       |       |     2 |     2 ||     4
Armor: Robe              |    12 |     6 |    13 |    26 |    43 ||   100
Dodge: Dodged            |   146 |    55 |   216 |   502 |   505 ||  1424
Block: Other             |     5 |    15 |    42 |    58 |       ||   120
       Reflection        |       |       |     1 |     2 |     2 ||     5
       Buckler           |       |       |       |    14 |   180 ||   194
